Workbook

Sheet 表1一般公共预算收支总表
A1: 表1
A2: 2023年一般公共预算预算收支总表
A3: 单位：万元
A4: 收入项目 | C4: 2023年预算数 | D4: 支出项目 | F4: 2023年预算数
A5: 一、 | B5: 地方一般公共预算收入 | C5: =C6+C7 -> 60000 | D5: 一、 | E5: 地方一般公共预算支出 | F5: =F6+F10 -> 373659.55
A6: （一） | B6: 税收收入 | C6: 45000 | D6: 国家规定的“三保”保障支出 | F6: =F7+F8+F9 -> 244158.6
A7: （二） | B7: 非税收入 | C7: 15000 | D7: （一） | E7: 保工资 | F7: ='表3 地方一般公共预算支出明细表'!C7 -> 179719
A8: 二、 | B8: 转移性收入 | C8: =C9+C13+C14+C18+C19 -> 387117 | D8: （二） | E8: 保运转 | F8: ='表3 地方一般公共预算支出明细表'!C40 -> 12859
A9: （一） | B9: 上级补助收入 | C9: =SUM(C10:C12) -> 303224 | D9: （三） | E9: 保基本民生 | F9: ='表3 地方一般公共预算支出明细表'!C67 -> 51580.6
A10: 1 | B10: 返还性收入 | C10: ='表2 一般公共预算收入明细表'!C30 -> 10020 | D10: “三保”以外刚性支出 | F10: =SUM(F11:F13,F14:F16) -> 129500.95
A11: 2 | B11: 一般性转移支付收入 | C11: ='表2 一般公共预算收入明细表'!C34 -> 222220 | D11: （一） | E11: 债务付息及兑付费 | F11: ='表3 地方一般公共预算支出明细表'!C111+'表3 地方一般公共预算支出明细表'!C112 -> 2900
A12: 3 | B12: 专项转移支付收入 | C12: ='表2 一般公共预算收入明细表'!C58 -> 70984 | D12: （二） | E12: 编制外长聘人员支出 | F12: 4646.948
A13: （二） | B13: 上年结余收入 | C13: ='表2 一般公共预算收入明细表'!C76 -> 12893 | D13: （三） | E13: 其他刚性政策支出 | F13: 29373
A14: （三） | B14: 调入资金 | C14: =C15+C16+C17 -> 53000 | D14: （四） | E14: 项目支出 | F14: ='表3 地方一般公共预算支出明细表'!C161 -> 70481
A15: 1 | B15: 政府性基金调入 | C15: ='表2 一般公共预算收入明细表'!C78 -> 30000 | D15: （五） | E15: 预备费 | F15: ='表3 地方一般公共预算支出明细表'!C162 -> 4000
A16: 2 | B16: 国有资本经营调入 | C16: ='表2 一般公共预算收入明细表'!C79 -> 200 | D16: （六） | E16: 预留支出 | F16: =SUM(F17:F20) -> 18100
A17: 3 | B17: 其他调入 | C17: ='表2 一般公共预算收入明细表'!C80 -> 22800 | D17: 1 | E17: 増人增资预留 | F17: ='表3 地方一般公共预算支出明细表'!C164 -> 3000
A18: （三） | B18: 地方政府一般债务转贷收入 | C18: 18000 | D18: 2 | E18: 年终考核奖 | F18: ='表3 地方一般公共预算支出明细表'!C165 -> 9500
A19: （四） | B19: 动用预算稳定调节基金 | C19: 0 | D19: 3 | E19: 成本性支出 | F19: ='表3 地方一般公共预算支出明细表'!C166 -> 3600
D20: 4 | E20: 不可预见性支出 | F20: ='表3 地方一般公共预算支出明细表'!C167 -> 2000
D21: 二、 | E21: 转移性支出 | F21: =SUM(F22:F25) -> 73457
D22: （一） | E22: 债务还本支出 | F22: 23186
D23: （二） | E23: 调出资金
D24: （三） | E24: 上解支出 | F24: 7850
D25: （四） | E25: 结转下年支出 | F25: =42441-20 -> 42421
A26: 一般公共预算收入合计 | C26: =C5+C8 -> 447117 | D26: 一般公共预算支出合计 | F26: =F21+F5 -> 447116.55

Sheet 表2 一般公共预算收入明细表
A1: 表2 | C1: =""
A2: 2023年一般公共预算收入明细表
B3: ="" | C3: 单位：万元
A4: 序号 | B4: 项目 | C4: 2023预算数
B5: =""
A6: 一、 | B6: 地方一般公共预算收入 | C6: =C7+C23 -> 60000
A7: （一） | B7: 税收收入 | C7: =SUM(C8:C22) -> 45000
B8: 增值税 | C8: 25100
B9: 企业所得税 | C9: 1300
B10: 企业所得税退税 | C10: 200
B11: 个人所得税 | C11: 500
B12: 资源税 | C12: 400
B13: 城市维护建设税 | C13: 1400
B14: 房产税 | C14: 1050
B15: 印花税 | C15: 250
B16: 城镇土地使用税 | C16: 1200
B17: 土地增值税 | C17: 1000
B18: 车船税 | C18: 1200
B19: 耕地占用税 | C19: 1000
... B22: 环境保护税 | C22: 200
A23: （二） | B23: 非税收入 | C23: =SUM(C24:C27) -> 15000
B24: 专项收入 | C24: 3264
B25: 行政事业性收费收入 | C25: 1035
B26: 罚没收入 | C26: 2568
B27: 国有资源（资产）有偿使用收入 | C27: 8133
A28: 二、 | B28: 转移性收入 | C28: =SUM(C29,C76,C77,C81,C82) -> 387117
A29: （一） | B29: 上级补助收入 | C29: =C30+C34+C58 -> 303224
A30: 1 | B30: 返还性收入 | C30: =SUM(C31:C33) -> 10020
B31: 所得税基数返还收入 | C31: -60
B32: 增值税税收返还收入 | C32: 1584
B33: 增值税“五五分享”税收返还收入 | C33: 8496
A34: 2 | B34: 一般性转移支付收入 | C34: =SUM(C35:C57) -> 222220
B35: 均衡性转移支付收入 | C35: 48923
B36: 县级基本财力保障机制奖补资金收入 | C36: 22617
B37: 结算补助收入 | C37: 16359
B38: 企业事业单位划转补助收入 | C38: 1181
B39: 产粮（油）大县奖励资金收入 | C39: 1571
B40: 重点生态功能区转移支付收入 | C40: 4854
B41: 固定数额补助收入 | C41: 10317
B42: 民族地区转移支付收入 | C42: 2169
B43: 巩固脱贫攻坚成果衔接乡村振兴转移支付收入 | C43: 11595
B44: 一般公共服务共同财政事权转移支付收入 | C44: 35
B45: 公共安全共同财政事权转移支付收入 | C45: 1714
B46: 教育共同财政事权转移支付收入 | C46: 16361
... B57: 其他一般性转移支付收入 | C57: 500
A58: 3 | B58: 专项转移支付收入 | C58: 70984
B59: 一般公共服务 | C59: 870
B60: 国防 | C60: 22
B61: 公共安全 | C61: 254
B62: 教育 | C62: 3340
B63: 科学技术 | C63: 64
B64: 文化旅游体育与传媒 | C64: 195
B65: 社会保障和就业 | C65: 7405
B66: 卫生健康 | C66: 1553
B67: 节能环保 | C67: 1186
B68: 城乡社区 | C68: 14
B69: 农林水 | C69: 35595
B70: 交通运输 | C70: 3048
... B75: 其他收入 | C75: 16600
A76: （二） | B76: 上年结余收入 | C76: 12893
A77: （三） | B77: 调入资金 | C77: 53000
B78: 从政府性基金预算调入 | C78: 30000
B79: 从国有资本经营预算调入 | C79: 200
B80: 从其他资金调入 | C80: =23000-200 -> 22800
A81: （四） | B81: 地方政府一般债务转贷收入 | C81: 18000
A82: （五） | B82: 动用预算稳定调节基金 | C82: 0
A83: 收入合计 | C83: =C6+C28 -> 447117

Sheet 表3 地方一般公共预算支出明细表
A1: 表3
A2: 2023年地方一般公共预算支出明细表
A4: 序号 | B4: 项目 | C4: 2023年预算数 | D4: 备注
A5: 地方一般公共预算支出 | C5: =SUM(C6,C109) -> 373659.9
A6: 中央和省“三保”政策支出 | C6: =SUM(C7,C40,C67) -> 244158.6
A7: 一、 | B7: 机关事业单位工资性支出 | C7: =SUM(C8,C33,C37) -> 179719
A8: （一） | B8: 全额供给单位工资支出 | C8: =C9+C24 -> 167536
A9: 1 | B9: 工资 | C9: =SUM(C10,C13,C14,C15,C16,C19) -> 113611
B10: （1）基本工资 | C10: =C11+C12 -> 41886
B11: 其中： 行政人员工资 | C11: 8960
B12: 事业人员工资 | C12: 32926
B13: （2）津贴补贴 | C13: 34507
B14: （3）行政事业人员乡镇岗位补贴 | C14: 2954
B15: （4）公务交通补贴 | C15: 1860
B16: （5）事业人员绩效工资 | C16: =SUM(C17:C18) -> 20248
B17: 其中：基础性绩效工资 | C17: 12481
B18: 奖励性绩效工资 | C18: 7767
B19: （6）奖金 | C19: =SUM(C20:C23) -> 12156
B20: 其中： 行政一次性奖金 | C20: 747
B21: 事业一次性奖金 | C21: 2731
B22: 公务员基础性绩效奖 | C22: =3195+31 -> 3226
B23: 事业基础性绩效奖 | C23: 5452
A24: 2 | B24: 随工资计提的附加支出 | C24: =SUM(C25:C32) -> 53925
B25: （1）基本养老保险 | C25: =19615+6 -> 19621
B26: （2）职业年金 | C26: 2397
B27: （3）医疗保险 | C27: =16580+3 -> 16583
B28: （4）工伤保险 | C28: 208
B29: （5）福利费 | C29: 97
B30: （6）工会经费 | C30: 517
B31: （7）住房公积金 | C31: =13149+4 -> 13153
B32: （8）失业保险 | C32: 1349
A33: （二） | B33: 离退休人员支出 | C33: =SUM(C34:C36) -> 9184
A34: 1 | B34: 离休医疗费 | C34: 84
A35: 2 | B35: 离休生活补助 | C35: 171
A36: 3 | B36: 退休生活补助 | C36: 8929
A37: （三） | B37: 差额单位人员支出 | C37: =C38+C39 -> 2999
A38: 1 | B38: 县医院 | C38: 2191
A39: 2 | B39: 中医院 | C39: 808
A40: 二、 | B40: 运转类支出 | C40: =C41+C49+C52+C56+C57 -> 12859
A41: （一） | B41: 公用运转经费 | C41: =C42+C43+C46+C47+C48 -> 2884
A42: 1 | B42: 行政单位公用经费 | C42: 691
A43: 2 | B43: 事业单位公用经费 | C43: =C44+C45+41 -> 230
B44: （1）教育部门（不含生均公用经费） | C44: 163
B45: （2）卫生部门 | C45: 26
A46: 3 | B46: 政法部门公用运转 | C46: 1763
A47: 4 | B47: 公务接待费 | C47: 100
A48: 5 | B48: 培训费 | C48: 100
A49: （二） | B49: 离退休公用经费 | C49: =C50+C51 -> 32
A50: 1 | B50: 离休 | C50: 3
A51: 2 | B51: 退休 | C51: 29
A52: （三） | B52: 公务用车经费 | C52: =SUM(C53:C55) -> 390
A53: 1 | B53: 公务用车运行维护费 | C53: 107
A54: 2 | B54: 平台车辆保险费 | C54: 160
A55: 3 | B55: 车辆购置 | C55: 123
A56: （四） | B56: 特种车辆运行费 | C56: 39
A57: （五） | B57: 村组保障支出 | C57: =C58+C62+C66 -> 9514
A58: 1 | B58: 村（社区）运转经费 | C58: =C59+C60+C61 -> 886
B59: （1）社区工作经费 | C59: 70
B60: （2）村委会运转经费 | C60: 549
B61: （3）村(居)民小组运转经费 | C61: 267
A62: 2 | B62: 村组干部工资支出 | C62: =SUM(C63:C65) -> 8626
B63: （1）社区干部岗位补贴 | C63: 448
B64: （2）村委会干部岗位补贴 | C64: 5859
B65: （3）村民小组党组织负责人补助和村民小组长补贴 | C65: 2319
A66: 3 | B66: 西部志愿者生活补助 | C66: 2
A67: 三、 | B67: 基本民生类支出 | C67: =SUM(C68:C108) -> 51580.6
A68: 1 | B68: 城乡义务教育中小学公用经费 | C68: 3862
A69: 2 | B69: 普通高中生均公用经费 | C69: 1213
A70: 3 | B70: 农村义务教育学生营养改善计划 | C70: 3710
A71: 4 | B71: 学前教育家庭经济困难学生补助 | C71: 267
A72: 5 | B72: 义务教育家庭困难学生补助 | C72: 2564
A73: 6 | B73: 民族中学寄宿学生生活补助
A74: 7 | B74: 普通高中建档立卡户家庭经济困难学生生活补助 | C74: 255
A75: 8 | B75: 普通高中建档立卡户家庭经济困难学生免学杂费 | C75: 126
A76: 9 | B76: 中等职业教育学校免学费 | C76: 640
A77: 10 | B77: 城乡义务教育学生免教科书费 | C77: ——
A78: 11 | B78: 普通高中国家助学金 | C78: 1129
A79: 12 | B79: 中等职业学校国家助学金 | C79: 420
A80: 13 | B80: 博物馆、纪念馆免费开放补助和公共美术馆、图书馆、文化馆免费开放补助 | C80: 158.56
A81: 14 | B81: 城乡居民基本医疗保险 | C81: 726
A82: 15 | B82: 城乡居民基本养老保险 | C82: 12198
A83: 16 | B83: 财政对城镇职工基本医疗保险基金的补助 | C83: 17
A84: 17 | B84: 财政对企业职工基本养老保险基金的补助
A85: 18 | B85: 财政对失业保险基金的补助
A86: 19 | B86: 财政对工伤保险基金的补助
A87: 20 | B87: 城市最低生活保障 | C87: 294
A88: 21 | B88: 农村最低生活保障 | C88: 4994
A89: 22 | B89: 特困供养人员（原五保户）补助 | C89: 1949
A90: 23 | B90: 重点优抚对象生活困难补助 | C90: 162.04
A91: 24 | B91: “两参”烈属老红军老党员等部分优抚对象抚恤和生活补助 | C91: =4354+32 -> 4386
A92: 25 | B92: 城乡医疗救助 | C92: 40
A93: 26 | B93: 临时救助 | C93: 859
A94: 27 | B94: 自然灾害生活救助 | C94: 780
A95: 28 | B95: 流浪乞讨人员救助 | C95: 5
A96: 29 | B96: 孤儿基本生活保障 | C96: 252
A97: 30 | B97: 残疾人两项补贴 | C97: 1094
A98: 31 | B98: 高龄老人补助 | C98: 919
A99: 32 | B99: 义务兵家庭优待金 | C99: 477
A100: 33 | B100: 自主就业退役士兵一次性经济补助 | C100: 1096
A101: 34 | B101: 军队移交地方政府离退休人员补助 | C101: 76
...

Sheet 表4 政府性基金收支预算表
A1: 表4
A2: 2023年政府性基金收支预算表
D3: 单位：万元
A4: 序号 | B4: 项目 | C4: 2023年预算数 | D4: 备注
A7: 收入总计 | C7: =C8+C14+C17 -> 60687
A8: 一、地方政府性基金收入 | C8: =SUM(C9:C10,C13) -> 49148
A9: （一） | B9: 国有土地使用权出让收入 | C9: =42800+4142 -> 46942
A10: （二） | B10: 其他地方自行试点项目收益专项债券对应项目专项收入 | C10: =SUM(C11:C12) -> 2006
A11: 1 | B11: 中医院整体搬迁建设项目收入 | C11: 1505
A12: 2 | B12: 禄劝工业园区农特产品、西柚果汁、野生菌深加工标准化厂房建设项目收入 | C12: 501
A13: （三） | B13: 其他政府性基金收入 | C13: 200
A14: 二、转移性收入 | C14: =SUM(C15:C16) -> 7939
A15: （一） | B15: 政府性基金补助收入 | C15: 6450
A16: （二） | B16: 上年结转结余收入 | C16: 1489
A17: 三、债务转贷收入 | C17: =C18 -> 3600
A18: （一） | B18: 地方政府专项债务转贷收入 | C18: =SUM(C19:C19) -> 3600
B19: 再融资置换专项债券转贷收入 | C19: 3600
A20: 支出总计 | C20: =C21+C27 -> 60687
A21: 一、地方政府性基金支出 | C21: =SUM(C22:C26) -> 25050
A22: （一） | B22: 地方政府专项债券付息支出 | C22: 5315
A23: （二） | B23: 地方政府专项债券发行费用支出 | C23: 285
A24: （三） | B24: 国有土地使用权出让收入安排的支出 | C24: 12800
A25: （四） | B25: 其他政府性基金预算支出 | C25: 200
A26: （五） | B26: 上级专款支出 | C26: 6450
A27: 二、转移性支出 | C27: =SUM(C28:C30) -> 35637
A28: （一） | B28: 专项债务还本支出 | C28: 4515
A29: （二） | B29: 调入一般公共预算 | C29: 30000
A30: （三） | B30: 结转结余 | C30: 1122

Sheet 表5 国有资本经营预算收支预算
A1: 表5
A2: 2023年国有资本经营收支预算表
D3: 单位：万元
A4: 序号 | B4: 项目 | C4: 2023年预算数 | D4: 备注
A7: 收入总计 | C7: =SUM(C8,C10) -> 219
A8: 一、 | B8: 本级收入 | C8: =SUM(C9) -> 200
A9: （一） | B9: 国有资本经营收入 | C9: 200
A10: 二、 | B10: 转移性收入 | C10: =SUM(C11:C12) -> 19
A11: （一） | B11: 上级补助补助收入 | C11: 13
A12: （二） | B12: 上年结转结余收入 | C12: 6
A13: 支出总计 | C13: =C14+C16 -> 219
A14: 一、 | B14: 本级支出 | C14: =SUM(C15:C15) -> 19
A15: （一） | B15: 国有资本经营支出 | C15: 19
A16: 二、 | B16: 转移性支出 | C16: =SUM(C17:C18) -> 200
A17: （一） | B17: 调入一般公共预算 | C17: 200
A18: （二） | B18: 结转结余 | C18: 0
